Cogmind - Beta 16 @@@ ROGUE MODE // 2026.01.21 @ 00:43:04 Player: +Jones Result: Smashed by cave-in Performance ------------- Evolutions (0) 0 Regions Visited (1) 200 Robots Destroyed (23) 115 Value Destroyed (386) 386 Prototype IDs (0) 0 Alien Tech Used (0) 0 Bonus (0) 0 TOTAL SCORE: 701 Bonus ------- None Cogmind --------- Core Integrity 0/250 Matter 300/300 Energy 100/100 System Corruption 10% Temperature Cool (0) Movement Treading (160) Location -10/Materials Parts ------- > --- POWER (1) -------- (None) > --- PROPULSION (2) --- Light Treads Light Treads > --- UTILITY (2) ------ Medium Storage Unit > --- WEAPON (2) ------- Mining Laser > --- INVENTORY (10) --- Light Treads Small Storage Unit EM Shotgun EM Shotgun Particle Gun Particle Gun Assault Rifle Grenade Launcher Peak State ------------ > --- POWER ------------ Light Ion Engine > --- PROPULSION ------- Light Treads Light Treads > --- UTILITY ---------- Small Storage Unit Seismic Detector > --- WEAPON ----------- EM Shotgun EM Shotgun > --- INVENTORY -------- EM Shotgun EM Shotgun Particle Gun Assault Rifle Assault Rifle Assault Rifle Grenade Launcher Mining Laser [Rating: 10] Favorites ----------- Power Light Ion Engine Engine Light Ion Engine Propulsion Light Treads Treads Light Treads Utility Seismic Detector Device Seismic Detector Storage Small Storage Unit Weapon EM Shotgun Energy Gun EM Shotgun Ballistic Gun Assault Rifle Launcher Grenade Launcher Special Weapon Mining Laser Build | -11 -10 ------- Run | Yrd Mat Slots Evolved . | . . Power . | . . Propulsion . | . . Utility . | . . Weapon . | . . Parts Attached 16 | 7 9 Power 2 | 1 1 Engine 2 | 1 1 Core . | . . Reactor . | . . Propulsion 2 | 2 . Treads 2 | 2 . Leg . | . . Wheel . | . . Hover . | . . Flight . | . . Utility 3 | 2 1 Device 1 | 1 . Storage 2 | 1 1 Processor . | . . Hackware . | . . Protection . | . . Artifact . | . . Weapon 9 | 2 7 Energy Gun 3 | . 3 Energy Cannon . | . . Ballistic Gun 4 | 2 2 Ballistic Cannon . | . . Launcher 1 | . 1 Special Weapon 1 | . 1 Impact Weapon . | . . Slashing Weapon . | . . Piercing Weapon . | . . Special Melee Weapon . | . . Unidentified Prototypes . | . . Parts Lost 4 | . 4 Power 1 | . 1 Propulsion . | . . Utility 1 | . 1 Weapon 2 | . 2 Highest Loss Streak 3 | . 3 To Critical Strikes . | . . Average Backups 6 | . 7 Power . | . . Propulsion . | . . Utility . | . . Weapon 5 | . 6 Tool/Special . | . . Unused Backups 5 | . 5 Power . | . . Propulsion 1 | . 1 Utility . | . . Weapon 4 | . 4 Tool/Special . | . . Average Slot Usage (%) 99 | . 99 Engine 14 | . 14 Treads 28 | . 28 Device 14 | . 14 Storage 14 | . 14 Energy Gun 20 | . 20 Ballistic Gun 4 | . 4 Special Weapon 2 | . 2 Peak Build Rating 10 | 7 10 Average Rating 9 | 5 9 On Entrance 3 | . 7 Avg Prop Armor Cover (%) . | . . Naked Turns . | . . Heaviest Build 22 | 11 22 Greatest Support 40 | 40 40 Greatest Overweight (x) 1 | 1 . Average Overweight (x) . | . . Largest Inventory Capacity 10 | 8 10 Average Capacity 8 | 7 8 Most Carried 9 | 1 9 Average Carried 6 | . 7 Final Capacity 10 | 8 10 Final Carried 8 | 1 8 Class Distribution -------------------- 100% | Mutant Dominant Class ---------------- Mutant | -10/Materials Resources | -11 -10 ----------- Run | Yrd Mat Matter Collected 592 | 249 343 Remotely . | . . Salvage Created 591 | 135 456 Parts 41 | 9 32 Haulers Intercepted 1 | . 1 Recyclers Shooed 1 | 1 . Parts Field Recycled . | . . Retrieved Matter . | . . Parts Self-Destructed . | . . Prevented . | . . Parts Restored . | . . Kills | -11 -10 ------- Run | Yrd Mat Combat Hostiles Destroyed 12 | . 12 Guns 11 | . 11 AOE 1 | . 1 Classes Destroyed 7 | 2 5 Builder 1 | . 1 Tunneler 5 | 4 1 Hauler 1 | . 1 Recycler 1 | 1 . Watcher 3 | . 3 Swarmer 6 | . 6 Grunt 6 | . 6 Best Kill Streak 3 | 2 3 Combat Bots Only 3 | . 3 Max Kills in Single Turn 1 | 1 1 Gunslinging . | . . Exploded 1 | . 1 Melee . | . . Uniques/NPCs Destroyed . | . . Combat | -11 -10 -------- Run | Yrd Mat Hostile Shots Fired 39 | . 39 Missed 11 | . 11 Hits 28 | . 28 Projectile 28 | . 28 Damage Taken 792 | . 792 Core 285 | . 285 Absorbed by Shields . | . . Core Remaining (%) 100 | 100 . Volleys Fired 82 | 26 56 Largest 2 | 2 2 Hottest 100 | 40 100 Shots Fired 145 | 52 93 Gun 125 | 52 73 Cannon . | . . Launcher 6 | . 6 Special 14 | . 14 Kinetic 57 | 52 5 Thermal 14 | . 14 Explosive 6 | . 6 Electromagnetic 68 | . 68 Robot Hit Streak 19 | 19 11 Robot Miss Streak 8 | 2 8 Penetration Max . | . . Secondary Targets . | . . Shots Hit Robots 93 | 39 54 Core Hits 41 | 11 30 Critical Kills 1 | 1 . Critical Parts Destroyed . | . . Critical Strikes 1 | 1 . Destroy 1 | 1 . Melee Attacks . | . . Impact . | . . Slashing . | . . Piercing . | . . Sneak Attacks . | . . Combat Hostiles . | . . Follow-up Attacks . | . . Damage Inflicted 1131 | 314 817 Guns 1033 | 314 719 Cannons . | . . Explosions 50 | . 50 Melee . | . . Ramming . | . . Kinetic 353 | 314 39 Thermal 75 | . 75 Explosive 23 | . 23 Electromagnetic 680 | . 680 Impact . | . . Slashing . | . . Piercing . | . . Highest Corruption 10 | . 10 Average Corruption 10 | . 10 Corruption Purged . | . . Corruption Blocked . | . . Overload Shots . | . . Overflow Damage . | . . Projectiles . | . . Explosions . | . . Melee . | . . Knockbacks . | . . Impact . | . . Kinetic . | . . Secondary . | . . Self-Inflicted Damage . | . . Shots . | . . Rammed . | . . Targets Rammed . | . . Kicked . | . . Crushed . | . . Highest Temperature 226 | . 226 Average Temperature 50 | . 50 Received Heat Transfer 60 | . 60 Siege Activations . | . . Martial Activations . | . . Shielding Activations . | . . Robots Disrupted . | . . Combat Hostiles . | . . Robots Corrupted . | . . Combat Hostiles . | . . Parts Fried 2 | . 2 Impact Corruptions . | . . Robots Melted . | . . Combat Hostiles . | . . Parts Melted . | . . Heat Transferred 150 | . 150 Parts Sabotaged . | . . Parts Stolen . | . . Parts Stripped . | . . Power Chain Reactions 1 | . 1 Alert | -11 -10 ------- Run | Yrd Mat Maximum Alert Level . | . . Low Security (%) 100 | 100 100 Level 1 . | . . Level 2 . | . . Level 3 . | . . Level 4 . | . . Level 5 . | . . High Security . | . . Max Security . | . . Peak Influence 166 | 5 166 Initial . | . . Average 47 | 1 52 Influence Increases 465 | 25 440 Destroy 0b10 Robot/C 240 | . 240 Destroy 0b10 Robot/NC 55 | 25 30 Destroy Leader 48 | . 48 Successful Hack 28 | . 28 Destroy Structure 49 | . 49 Lose Combat Pursuer 45 | . 45 Influence Decreases 392 | 25 367 Time Decay 352 | 25 327 Lost Part 40 | . 40 Squads Dispatched . | . . Investigation . | . . Extermination . | . . Reinforcement . | . . Assault . | . . Garrison . | . . Intercept . | . . Searches Triggered . | . . Construction Impeded . | . . Haulers Reinforced . | . . Active Scanning Responses . | . . Cargo Convoy Interrupts . | . . Stealth | -11 -10 --------- Run | Yrd Mat Distress Signals 1 | . 1 Communications Jammed . | . . Distress Signals . | . . Times Spotted 21 | . 21 Peak Tracking Total 4 | . 4 Tactical Retreats 3 | . 3 Traps | -11 -10 ------- Run | Yrd Mat Traps Triggered 1 | . 1 Indirectly . | . . Trap Hack Attempts . | . . Triggered . | . . Disarmed . | . . Reprogrammed . | . . Reused . | . . Traps Extracted . | . . Installed . | . . Triggered . | . . Machines | -11 -10 ---------- Run | Yrd Mat Machines Disabled . | . . Max in Single Turn . | . . Machines Repaired . | . . Machines Dismantled . | . . Machines Sabotaged . | . . Overloaded Fab Kills . | . . Hacking | -11 -10 --------- Run | Yrd Mat Machines Accessed 8 | . 8 Terminals 7 | . 7 Fabricators . | . . Repair Stations . | . . Recycling Units 1 | . 1 Scanalyzers . | . . Garrison Access . | . . Total Hacks 24 | . 24 Successful 15 | . 15 Failed 9 | . 9 Catastrophic . | . . Database Lockouts . | . . Manual 22 | . 22 Terminals 22 | . 22 Fabricators . | . . Repair Stations . | . . Recycling Units 2 | . 2 Scanalyzers . | . . Garrison Access . | . . Terminal Hacks 3 | . 3 Robot Analysis 2 | . 2 Locate Traps 1 | . 1 Fabricator Hacks . | . . Repair Station Hacks . | . . Recycling Unit Hacks 1 | . 1 Retrieve Components 1 | . 1 Scanalyzer . | . . Garrison Access Hacks . | . . Unauthorized Hacks 11 | . 11 Terminals 11 | . 11 Botnet 4 | . 4 Operators 1 | . 1 Skim 6 | . 6 Fabricators . | . . Repair Stations . | . . Recycling Units . | . . Scanalyzers . | . . Garrison Access . | . . Data Cores Recovered . | . . Used . | . . Hacking Detections 8 | . 8 Full Trace Events . | . . Feedback Events . | . . Feedback Blocked . | . . Robot Schematics Acquired . | . . Robots Built . | . . Authchips . | . . Time . | . . Total Robot Build Rating . | . . Part Schematics Acquired . | . . Parts Built . | . . Authchips . | . . Time . | . . Total Part Build Rating . | . . Part Studies Acquired . | . . Parts Repaired . | . . Time . | . . Parts Recycled . | . . Recycled Matter . | . . Retrieved Matter . | . . Retrieved Components 10 | . 10 Parts Scanalyzed . | . . Part Schematics Acquired . | . . Parts Damaged . | . . Bothacking | -11 -10 ------------ Run | Yrd Mat Used RIF Installer . | . . Robots Hacked . | . . Non-combat . | . . Combat . | . . Robot Hacks Applied . | . . Relay Couplers Released . | . . Fabnet Peak Effective % . | . . Robots Rewired . | . . Allies Hacked . | . . Hacks Repelled . | . . Allies | -11 -10 -------- Run | Yrd Mat Total Allies . | . . Largest Group . | . . Highest-Rated Group . | . . Highest-Rated Ally . | . . Total Orders . | . . Ally Attacks . | . . Total Damage . | . . Kills . | . . Allies Corrupted . | . . Allies Melted . | . . Intel | -11 -10 ------- Run | Yrd Mat Active Infowar (turns) 1587 | 10 1577 Seismic 1587 | 10 1577 Robot Analysis Total 2 | . 2 Derelict Logs Recovered . | . . Drone Launches . | . . Drone Recoveries . | . . Exploration | -11 -10 ------------- Run | Yrd Mat Turns Passed 1764 | 185 1579 Spaces Moved 853 | 65 788 Core 5 | 5 . Treads 848 | 60 788 Legs . | . . Wheels . | . . Hover . | . . Flight . | . . Fastest Speed 50 | 50 160 Average Speed 159 | 153 160 Slowest Speed 160 | 160 160 Overloaded Moves . | . . Propulsion Burnouts . | . . Robots Hopped . | . . Potential Cave-ins . | . . Cave-ins Triggered 2 | . 2 Exploration Rate (%) 50 | 6 94 Regions Visited 1 Branch Regions . Pre-discovered Areas 2 | . 2 Known Exits Taken . | . . Unknown Exits Taken 1 | 1 . Scrap Searched . | . . Spaces Dug 18 | . 18 Terrain Destroyed 54 | . 54 Melee . | . . Projectile 11 | . 11 AOE 43 | . 43 Terrain Rammed . | . . Walls Destroyed . | . . Machines Disabled . | . . Actions | -11 -10 --------- Run | Yrd Mat Total 1086 | 106 980 Wait 107 | 7 100 Move 852 | 64 788 Hop . | . . Pick Up 10 | 2 8 Fast Attach 10 | 6 4 Attach 2 | 1 1 Detach 2 | . 2 Swap 15 | . 15 Drop 6 | . 6 Fire 82 | 26 56 Melee . | . . Ram . | . . Kick . | . . Crush . | . . Escape Stasis . | . . Rewire . | . . Trap . | . . Miscellaneous . | . . Route ------- -11/Scrapyard -10/Materials (discovered 5 exits: *Mat x3 / [*Min] / Sub) History --------- Turn | Location | Event 49 | -11/Scrapyard | Discovered new exit (range 15) 186 | -11/Scrapyard | Entered Materials 300 | -10/Materials | Build established: Mutant 597 | -10/Materials | Discovered new exit (range 15) 919 | -10/Materials | Discovered new exit (range 12) 1188 | -10/Materials | Discovered new exit (range 11) 1245 | -10/Materials | Learned location of 2 exits from Subcaves 1309 | -10/Materials | Learned Storage trap positions 1362 | -10/Materials | Learned Storage emergency access door positions 1405 | -10/Materials | Learned location of Mines (-9) 1439 | -10/Materials | Identified exit to Subcaves 1439 | -10/Materials | Identified exit to Materials 1498 | -10/Materials | Learned location of 2 exits from Mines 1532 | -10/Materials | Learned location of 1 exit from Storage 1574 | -10/Materials | Learned 2 Mines zone layouts 1763 | -10/Materials | Crushed by falling debris 1763 | -10/Materials | Core integrity fell below 50% 1763 | -10/Materials | System corruption reached 10% 1766 | -10/Materials | Crushed by falling debris 1766 | -10/Materials | Smashed by cave-in Last Messages --------------- 01574_ >> SKIM: Data seek routine purged. 01616_ Acquired 16 matter. 01617_ Acquired 12 matter. 01667_ Acquired 40 matter. 01671_ Extracted 4 energy. 01678_ Acquired 12 matter. 01678_ R-06 Scavenger collects Hcp. Battery. 01684_ T-07 Excavator destroyed. 01709_ Acquired 13 matter. 01719_ U-05 Engineer builds a Wall. 01763_ The unstable cave ceiling collapses. 01763_ Crushed by falling debris. 01763_ EM Shotgun destroyed. 01763_ System corrupted by crushing effect (+1). 01763_ Ion Engine destroyed. 01763_ System corrupted by crushing effect (+5). 01763_ Seismic Detector destroyed. 01763_ System corrupted by crushing effect (+4). 01766_ The unstable cave ceiling collapses. 01766_ Crushed by falling debris. Map ----- +----------------------------------------------------+ | ^ #########?????????????? | | ####### #?????????????????????? | | ####### #?????????????????????? | | # """ """ #????????????########## | | # """ ^""" #######+##???????????# | | "" # """ """ ## #???????????# ! | | """ + ## """"" #???????????# | | """ # [ ## """"" #???????????#=!!== | | """ # ^^[ ## """"" #???????????#[[** """ | | "" # [[ ## """"" #???????????#="Y" """ | | # [[ #=""""" #???????????# """ """ | | ####### + """"" #???????????# | | ####### # """"" #????????############# | | # ##+########=[ #????????# | | "" # # #????# #??????? | | T" # #"" #????# ! #????? | | "" # #"T ##############???? | | / #"" ##""|"|""#?????? ? | | ####### # ## "|"|" #????? "???""" ###### | | ????# ####### ##### """?""""" # | | ???# """ """ #! | | #?# < # | | ?# % #""" | | # %####### ##### o #""" | | # # #####################+### #?# #""" ? | | ??# + ## #??##@# #?# # ? | | ??### # ##= """ #???### #?# ####?? | | ????### ## """ #?????# ### ##???? | | ?????# # """ #?????# ## ##### | | ?????# # #?????# #### | | ?????# T + """ #?????# % + T | | ###### # """ #?????# #### | | # """ #?????# #??# ##### | | ############ = #?????####+######?####+###### | | ???????????####+######???????# #??????# ## | | ??????????????# ###?##???????# #??????# ## | | #####?????????# #????????????# ######## """ !## | | ###?????### ###??????????# # ! T + """"" ## | | """ # ?#?# #????#####?# # # """"" ## | | """ # #?# ############ # """ # """"" ## | | """ # """ #?# " [!! + """ # """ ## | | # """ #?# %############ # """ # ## | | # """ #?# #????#####?# # # ### | | #+### #?###+###??????????# #################?? | | # ### """ #??????????######### #???# #?????? | | # + """ #??????????# # ##### < #?????? | | ##### """ #??????????# / ^ #?????? | | ????# #??????????# # ######+######?????? | | ????# #??????????######+## #?# #??????? | | ###?# #?#######???????# #?# #??????? | +----------------------------------------------------+ Best States ------------- Heat Dissipation 25 Energy Generation 10 Energy Capacity 250 Matter Stores 300 Matter Capacity 300 Sight Range 16 Terrain Scan Density 10 Evasion (%) 40 Recoil Reduction 2 Item Schematics ----------------- None Robot Schematics ------------------ None Fabricated ------------ Nothing Repaired ---------- Nothing Studied --------- None Alien Tech Used ----------------- None Achievements -------------- None Challenges ------------ None Game ------ Seed ModifiedWaveCloak Manual? 0 Play Time 00:13:17 Cumulative 347.7 hours Start 2026.01.21 @ 00:33:12 End 2026.01.21 @ 00:43:04 Sessions 1 Manual Loads 0 Difficulty Rogue Special Mode None Game No. 283 Rogue 283 Adventurer 0 Explorer 0 Win Type - Total 2 Types 2/0/0/0/0/0/0/0/0/0 Lore% 62 Gallery% 70 Achievement% 48 Wizard Run 0 Options --------- Layout 1 ASCII 0 Keyboard 0 Movement Mouse Keybinds 0 Fullscreen 1 Font 32/SmallcapsGlow Map View 50x35 Zoom Use 0% Tactical HUD 1 Map Filters NONE Filters NONE Steam 1 RUN: 49020e74-2b91-4760-a1e2-7cba7221d99a